 Dungeon Crawl Stone Soup version 0.31-a0-981-geadf994542 (webtiles) character file.

Game seed: 2245220661953663498

52732 XomNomNom the Severer (level 14, -7/199 HPs)
             Began as a Hill Orc Fighter on Nov 1, 2023.
             Was an Initiate of Gozag.
             Mangled by an acid blob (29 damage)
             ... on level 2 of the Pits of Slime.
             The game lasted 01:18:02 (12470 turns).

XomNomNom the Severer (Hill Orc Fighter)           Turns: 12470, Time: 01:18:04

Health: -7/199     AC: 15    Str: 24    XL:     14   Next: 65%
Magic:  10/14      EV:  2    Int:  8    God:    Gozag
Gold:   1910       SH:  0    Dex: 10    Spells: 13/13 levels left

rFire   + . .        w - +16 obsidian axe {drain, demonic, Mesm Drain Fly SInv}
rCold   + . .        (no shield)
rNeg    . . .        q - melded +0 storm dragon scales
rPois   +            l - melded +1 hat
rElec   +            (cloak currently unavailable)
rCorr   +            u - melded +1 pair of gloves
SInv    +            J - melded +1 pair of boots
Will    +....        (no amulet)
Stlth   +            o - +5 ring of evasion
HPRegen 0.53/turn    r - ring of poison resistance
MPRegen 0.14/turn

%: no passive effects
@: mighty, tree-form, resistant, engulfed, corroded, mesmerised
A: stationary, stasis, torment immunity, boosted hp
a: End Transformation, Renounce Religion, Potion Petition, Call Merchant, Bribe
Branch


You were on level 2 of the Pits of Slime.
You worshipped Gozag.
Gozag was most pleased with you.
You were a tree.
You visited 4 branches of the dungeon, and saw 16 of its levels.
You also visited: Volcano.

You collected 3755 gold pieces.
You paid 1845 gold pieces to Gozag.

Inventory:

Hand Weapons
 t - a +2 sling of draining
 w - the +16 obsidian axe (weapon) {drain, demonic, Mesm Drain Fly SInv}
   (You found it on level 2 of the Lair of Beasts)

   Mesm:      Its wielder is mesmerised by any visible foes, and it cannot be
   unequipped while any foes are visible.
   SInv:      It lets you see invisible.
   Fly:       It grants you flight.
   Drain:     It drains your maximum health when unequipped.
 H - a +3 battleaxe of freezing
 I - a +4 hand axe of freezing
Missiles
 k - 6 boomerangs
 n - 6 javelins
 y - 81 stones
 C - 56 poisoned darts
Armour
 l - a +1 hat (melded)
 q - +0 storm dragon scales (melded)
 u - a +1 pair of gloves (melded)
 J - a +1 pair of boots (melded)
Jewellery
 o - a +5 ring of evasion (left branch)
 r - a ring of poison resistance (right branch)
 R - a +4 ring of protection
 T - a ring of protection from fire
 V - a ring of fire
 W - an amulet of magic regeneration
 X - a +5 ring of evasion
Wands
 c - a wand of iceblast (6)
 G - a wand of quicksilver (5)
Scrolls
 b - 6 scrolls of noise
 e - 3 scrolls of fog
 f - 2 scrolls of silence {unknown}
 g - a scroll of immolation {unknown}
 i - a scroll of brand weapon {unknown}
 j - 4 scrolls of identify
 m - 4 scrolls of teleportation
 p - 3 scrolls of poison {unknown}
 v - 2 scrolls of vulnerability {unknown}
 z - 3 scrolls of fear {unknown}
 E - 5 scrolls of blinking {unknown}
 U - a scroll of enchant armour {unknown}
Potions
 a - 2 potions of magic {unknown}
 d - 3 potions of might
 h - a potion of resistance {unknown}
 s - 4 potions of enlightenment
 x - 10 potions of ambrosia
 A - 3 potions of cancellation
 B - 4 potions of degeneration {unknown}
 D - 4 potions of brilliance
 F - 2 potions of invisibility
 M - 3 potions of mutation
 N - 2 potions of haste {unknown}
 O - 2 potions of attraction {unknown}
 P - a potion of curing
 S - a potion of heal wounds
Miscellaneous
 K - a phantom mirror
 L - a lightning rod (4/4) (quivered)
 Q - a sack of spiders


   Skills:
 + Level 14.7 Fighting
 - Level 18.7 Axes
 - Level 16.8 Armour
 - Level 3.8 Shields
 * Level 7.2 Evocations


You had 13 spell levels left.
You didn't know any spells.
Your spell library contained the following spells:

 Spells                   Type           Power      Damage    Failure   Level
 Shock                    Conj/Air       0%         1d3       41%         1
 Call Canine Familiar     Summ           0%         N/A       78%         3
 Inner Flame              Hex/Fire       0%         N/A       78%         3
 Ozocubu's Armour         Ice            0%         N/A       78%         3
 Sigil of Binding         Hex            0%         N/A       78%         3
 Swiftness                Air            0%         N/A       78%         3
 Airstrike                Air            0%         2d(0-16)  99%         4
 Dimensional Bullseye     Hex/Tloc       0%         N/A       99%         4
 Flame Wave               Conj/Fire      0%         2d4       99%         4
 Leda's Liquefaction      Hex/Erth       0%         N/A       99%         4
 Sticky Flame             Conj/Fire      0%         2d3       99%         4
 Iskenderun's Battlesphe  Conj           0%         2d6       100%        5
 Metabolic Englaciation   Hex/Ice        0%         N/A       100%        5
 Bombard                  Conj/Erth      0%         9d1       100%        6
 Spellforged Servitor     Conj/Summ      0%         N/A       100%        7
 Chain Lightning          Conj/Air       0%         N/A       100%        9
 Fire Storm               Conj/Fire      0%         5d1       100%        9
 Shatter                  Erth           0%         3d5*      100%        9
 Simulacrum               Ice/Necr       Unusable   N/A       N/A         6

Dungeon Overview and Level Annotations

Branches:
Dungeon (8/15)             Temple (1/1) D:7            Lair (5/5) D:8
 Shoals (0/4) Lair:3        Snake (0/4) Lair:3        Slime (2/5) Lair:4
Volcano (visited)

Altars:
Ashenzari
Cheibriados
Dithmenos
Elyvilon
Fedhas
Gozag
Kikubaaqudgha
Makhleb
Nemelex Xobeh
Okawaru
Qazlal
Ru
Sif Muna
Trog
Uskayaw
Vehumet
Wu Jian
Xom
Yredelemnul
The Shining One
Jiyva

Shops:
D:4 (

Annotations:
D:6 1 runed translucent door, Persephone's ghost, novice MiMo
Lair:1 3 runed translucent doors, Cistriuss's ghost, journeyman DgFi; Ewafen's ghost, journeyman DjMo; Nyony's ghost, journeyman TrSh


Message History

You are splashed with acid.
You resist.
* * * LOW HITPOINT WARNING * * *
[a] - 384 gold - heal wounds, curing and magic [b] - 450 gold - haste and heal wounds [c] - 435 gold - heal wounds and haste Purchase which effect?
You feel much better.
You feel better. Magic courses through your body.
Visions of slaying the acid blob flood into your mind.
The quicksilver ooze hits you.
The quicksilver ooze hits you but does no damage.
The acid blob hits you but does no damage.
The azure jelly hits you but does no damage. x4
The quicksilver ooze hits you!
* * * LOW HITPOINT WARNING * * *
The quicksilver ooze hits you.
* * * LOW HITPOINT WARNING * * *
You feel your power leaking away.
You closely miss the azure jelly.
The azure jelly is heavily wounded.
You slash the quicksilver ooze! You open a gate to Pandemonium!
A demon appears!
You slash the acid blob!
Your branches burn!
* * * LOW HITPOINT WARNING * * *
The acid blob spits acid at you. The splash of acid hits you! You resist.
* * * LOW HITPOINT WARNING * * *
The azure jelly hits you but does no damage.
The azure jelly barely misses you.
The azure jelly hits you but does no damage.
The azure jelly hits you.
* * * LOW HITPOINT WARNING * * *
The quicksilver ooze barely misses you. x2
You feel much better. The quicksilver ooze hits you.
The quicksilver ooze hits you but does no damage.
The azure jelly hits you but does no damage. x2
The azure jelly hits you.
* * * LOW HITPOINT WARNING * * *
The azure jelly hits you but does no damage.
The acid blob hits you!!
You die...
Your body crumbles into a pile of gold.

............
...........
.......>...
......J.#.
#.........
###.........
##..JJJ......
#....♣.......
##...4..#....
#......# .
#...#...#
##.# #.... ##
..... #.....
##...


You could see 2 acid blobs, an azure jelly (drained, ally target), a quicksilver
ooze and a friendly ice devil (summoned).

Vanquished Creatures
  An acid blob (Slime:1)
  Gastronok (Lair:1)
  A quicksilver ooze (Slime:1)
  2 formless jellyfish (Slime:1)
  An ice dragon (Lair:5)
  A catoblepas (Lair:5)
  A boulder beetle (D:7)
  6 death yaks (Lair:5)
  A hell knight (Volcano)
  A sun demon (Volcano)
  Amaemon (Lair:1)
  A skyshark (Lair:3)
  Pikel (D:7)
  2 lindwurms (Lair:5)
  A deep elf pyromancer (D:7)
  2 wolf spiders (Lair:5)
  2 ugly things
  A shining eye (Slime:1)
  A cyclops (D:7)
  A guardian serpent (Lair:5)
  An orange demon (Lair:1)
  5 torpor snails (Lair:5)
  6 black mambas
  11 cane toads
  Jeremiah (D:6)
  2 rime drakes
  10 komodo dragons
  A red devil (Volcano)
  A queen bee (Lair:2)
  3 polar bears
  3 tyrant leeches (Lair:5)
  8 hornets (Lair:5)
  13 blink frogs
  11 slime creatures (Slime:1)
  4 yaks (Lair:2)
  8 wyverns (Lair:5)
  8 basilisks
  2 nagas (Lair:3)
  An orc warrior (D:6)
  25 water moccasins
  10 ice beasts
  2 black bears
  2 ogres
  10 wolves
  5 centaurs
  A phantom (D:4)
  13 bullfrogs
  2 kobold brigands
  5 scorpions
  2 gnoll sergeants (D:7)
  4 wights (D:6)
  24 killer bees (Lair:2)
  3 howler monkeys (D:7)
  A human zombie (D:7)
  2 hounds
  Crazy Yiuf (D:7)
  5 jellies (Slime:1)
  A sleepcap (D:6)
  4 orc priests (D:7)
  2 orc wizards
  An iguana (D:4)
  4 hell rats (Lair:5)
  6 adders
  A white imp (D:8)
  4 ufetubi (D:5)
  A worm (D:3)
  3 dart slugs
  17 orcs
  11 ball pythons
  9 bats
  5 endoplasms
  2 giant cockroaches
  7 goblins
  8 hobgoblins
  10 jackals
  3 quokkas
  4 frilled lizards
  11 kobolds
  A kobold skeleton (D:7)
  3 rats
363 creatures vanquished.

Vanquished Creatures (collateral kills)
  An acid blob (Slime:1)
  2 hydras (Lair:5)
  A great orb of eyes (Slime:1)
  A death yak (Lair:5)
  A black mamba (Lair:5)
  A komodo dragon (Lair:5)
  2 cane toads
  A red devil (Volcano)
  A hornet (Lair:5)
  6 slime creatures (Slime:1)
  A wyvern (Lair:5)
  A basilisk (Lair:5)
  A hell hound (Volcano)
  5 water moccasins
  2 killer bees (Lair:2)
  2 jellies (Slime:1)
  A hell rat (Lair:5)
30 creatures vanquished.

Vanquished Creatures (others)
  A human (D:7)
1 creature vanquished.

Grand Total: 394 creatures vanquished

Notes
Turn   | Place    | Note
-------+----------+-------------------------------------------
     0 | D:1      | XomNomNom the Hill Orc Fighter began the quest for the Orb.
     0 | D:1      | Reached XP level 1. HP: 19/19 MP: 1/1
   169 | D:1      | Reached skill level 3 in Axes
   169 | D:1      | Reached XP level 2. HP: 27/27 MP: 2/2
   665 | D:2      | Reached XP level 3. HP: 19/33 MP: 3/3
  1093 | D:2      | Reached XP level 4. HP: 40/40 MP: 4/4
  1187 | D:2      | Found a faded altar of an unknown god.
  1807 | D:4      | Found a glowing golden altar of the Shining One.
  1839 | D:4      | Noticed an ogre
  1848 | D:4      | Killed an ogre
  1849 | D:4      | Reached skill level 4 in Axes
  1849 | D:4      | Reached XP level 5. HP: 37/47 MP: 5/5
  1905 | D:4      | Noticed a phantom
  1921 | D:4      | Killed a phantom
  1922 | D:4      | Reached skill level 5 in Fighting
  1922 | D:4      | Reached skill level 5 in Armour
  1922 | D:4      | Reached XP level 6. HP: 56/56 MP: 6/6
  1975 | D:4      | Found an ornate altar of the Wu Jian Council.
  2023 | D:4      | Found an opulent altar of Gozag.
  2030 | D:4      | Became a worshipper of Gozag Ym Sagoz the Greedy
  2177 | D:4      | Found a sacrificial altar of Ru.
  2177 | D:4      | Found a shadowy altar of Dithmenos.
  2232 | D:4      | Found Fitsiodi's Antique Weapon Emporium.
  2259 | D:5      | Entered Level 5 of the Dungeon
  2260 | D:5      | Noticed a black bear
  2462 | D:5      | Reached skill level 5 in Axes
  2614 | D:5      | Found a stormy altar of Qazlal.
  2704 | D:5      | Reached XP level 7. HP: 60/61 MP: 7/7
  2865 | D:5      | Reached skill level 6 in Axes
  2972 | D:5      | Reached XP level 8. HP: 71/71 MP: 8/8
  3050 | D:6      | Found a runed translucent door.
  3051 | D:6      | Noticed Persephone's ghost (novice MiMo)
  3428 | D:6      | Reached skill level 7 in Axes
  3534 | D:6      | Noticed Jeremiah
  3584 | D:6      | Killed Jeremiah
  3777 | D:6      | Reached skill level 8 in Axes
  3777 | D:6      | Reached XP level 9. HP: 73/78 MP: 9/9
  4250 | D:7      | Found a snail-covered altar of Cheibriados.
  4332 | D:7      | Reached skill level 9 in Axes
  4454 | D:7      | Noticed a deep elf pyromancer
  4455 | D:7      | Noticed a boulder beetle
  4458 | D:7      | Killed a deep elf pyromancer
  4459 | D:7      | Reached skill level 10 in Axes
  4459 | D:7      | Reached skill level 10 in Armour
  4459 | D:7      | Noticed a kobold demonologist
  4464 | D:7      | Noticed a cyan ugly thing
  4715 | D:7      | Noticed Pikel
  4723 | D:7      | Killed Pikel
  4724 | D:7      | Reached XP level 10. HP: 90/90 MP: 10/10
  4832 | D:7      | Found a runed translucent door.
  4833 | D:7      | Noticed Crazy Yiuf
  4837 | D:7      | Killed Crazy Yiuf
  4892 | D:7      | Found a runed translucent door.
  4905 | D:7      | Found a basalt altar of Yredelemnul.
  5032 | D:7      | Noticed a cyclops
  5046 | D:7      | Killed a cyclops
  5047 | D:7      | Reached skill level 11 in Axes
  5139 | D:7      | Killed a cyan ugly thing
  5232 | D:7      | Killed a boulder beetle
  5497 | D:7      | Found a staircase to the Ecumenical Temple.
  5504 | Temple   | Entered the Ecumenical Temple
  5663 | D:8      | Reached skill level 12 in Axes
  5690 | D:8      | Found a staircase to the Lair.
  5753 | D:8      | Reached XP level 11. HP: 65/99 MP: 11/11
  6373 | Lair:1   | Entered Level 1 of the Lair of Beasts
  6378 | Lair:1   | Reached skill level 10 in Fighting
  6533 | Lair:1   | Reached skill level 13 in Axes
  6643 | Lair:1   | Noticed Amaemon
  6655 | Lair:1   | Killed Amaemon
  6827 | Lair:1   | Noticed Gastronok
  6844 | Lair:1   | Killed Gastronok
  7059 | Lair:1   | Reached skill level 14 in Axes
  7118 | Lair:1   | Found a runed translucent gate.
  7119 | Lair:1   | Found a runed translucent gate.
  7119 | Lair:1   | Found a runed translucent gate.
  7130 | Lair:1   | Noticed Ewafen's ghost (journeyman DjMo)
  7130 | Lair:1   | Noticed Cistriuss's ghost (journeyman DgFi)
  7130 | Lair:1   | Noticed Nyony's ghost (journeyman TrSh)
  7585 | Lair:2   | Found the +16 obsidian axe {drain, demonic, Mesm Drain Fly
                  | SInv}
  7609 | Lair:2   | Reached XP level 12. HP: 51/110 MP: 12/12
  7883 | Lair:2   | Reached skill level 15 in Axes
  8474 | Lair:2   | You are sucked into a shaft and drop 2 floors!
  8484 | Lair:4   | Found a staircase to the Slime Pits.
  8485 | Lair:4   | Found a viscous altar of Jiyva.
  8662 | Lair:3   | Found a staircase to the Shoals.
  8738 | Lair:3   | Noticed a skyshark
  8744 | Lair:3   | Killed a skyshark
  8745 | Lair:3   | Reached skill level 16 in Axes
  8858 | Lair:3   | Found a staircase to the Snake Pit.
  9180 | Lair:3   | Found a dark tunnel.
  9188 | Volcano  | Entered a volcano
  9202 | Volcano  | Noticed a hell knight
  9214 | Volcano  | Killed a hell knight
  9316 | Volcano  | Noticed a sun demon
  9322 | Volcano  | Killed a sun demon
  9323 | Volcano  | Reached skill level 15 in Armour
  9949 | Lair:5   | Entered Level 5 of the Lair of Beasts
  9960 | Lair:5   | Reached XP level 13. HP: 107/118 MP: 13/13
  9971 | Lair:5   | Reached skill level 17 in Axes
 10599 | Lair:5   | Reached skill level 18 in Axes
 10819 | Lair:5   | Reached XP level 14. HP: 129/129 MP: 14/14
 10850 | Lair:5   | Reached skill level 1 in Evocations
 11126 | Lair:5   | Found a runed translucent door.
 12052 | Shoals:4 | Identified the "Ikhogaek"
 12052 | Crypt:2  | Identified the of Koar
 12052 | Depths:2 | Identified the "Siurivyi"
 12052 | WizLab   | Identified the "Tyxiehim"
 12052 | Depths:3 | Identified the "Vigami"
 12052 | Depths:3 | Identified the of Rakuo
 12052 | Elf:3    | Identified the of Dacviq
 12052 | Elf:3    | Identified the of Wissaffo
 12052 | Slime:1  | Entered Level 1 of the Pits of Slime
 12052 | Slime:1  | Noticed a formless jellyfish
 12052 | Slime:1  | Noticed a formless jellyfish
 12058 | Slime:1  | Killed a formless jellyfish
 12060 | Slime:1  | Killed a formless jellyfish
 12061 | Slime:1  | Reached skill level 5 in Evocations
 12230 | Slime:1  | Noticed an acid blob
 12238 | Slime:1  | Killed an acid blob
 12343 | Slime:1  | Noticed a quicksilver ooze
 12350 | Slime:1  | Killed a quicksilver ooze
 12390 | Slime:1  | Noticed an acid blob
 12400 | Slime:1  | Killed an acid blob
 12460 | Slime:2  | Noticed a quicksilver ooze
 12460 | Slime:2  | Noticed an acid blob
 12460 | Slime:2  | Noticed an azure jelly
 12467 | Slime:2  | Noticed an acid blob
 12467 | Slime:2  | HP: 7/199 [acid blob (16)]
 12467 | Slime:2  | HP: 3/199 [acid (4)]
 12470 | Slime:2  | Mangled by an acid blob

Illustrated notes

Levels and vault maps discovered:
D:1:      amcnicky_arrival_abandoned_market, layout_loops_ring
D:2:      layout_rooms, hellmonk_ecumenical_altar_run_dry
D:3:      layout_rooms
D:4:      layout_rooms, tso_metal_star, gammafunk_temple_overflow_wave,
          nzn_wu_jian_council_hall, mainiacjoe_overflow_alcove_2, serial_shops,
          nicolae_shop_rolling_square
D:5:      layout_loops_ring, nicolae_qazlal_scattered_showers, serial_glass,
          glass_columns_a, glass_columns_a
D:6:      layout_loops_cross, gammafunk_ghost_grave, minivault_11, minivault_19,
          uniq_jeremiah
D:7:      minmay_the_grid_triangle_9x9_recursive_2
          [minmay_the_grid_triangle_9x9_prize_schism,
          minmay_the_grid_triangle_9x9_zippers_horizontal,
          minmay_the_grid_triangle_9x9_checkered,
          minmay_the_grid_triangle_9x9_skeleton], layout_loops_ring,
          dk_yredelemnul_ordeal, mainiacjoe_overflow_catwalk,
          minmay_temple_entry_proselytizer, minmay_misc_feat_pillars,
          nrook_campfire, uniq_crazy_yiuf_cottage, uniq_pikel
D:8:      layout_cave_pods, hellmonk_lair_entry_icy
Temple:   nicolae_temple_godzebo
Lair:1:   layout_chaotic_city, gammafunk_ghost_cemetery, lemuel_fruit_fields,
          infiniplex_staircase_pool_2, lemuel_fruit_tree, uniq_amaemon,
          uniq_gastronok
Lair:2:   layout_roguey [special_room_bee], dreamdust_deal_with_the_devil,
          beast_lair_carwin_10
Lair:3:   layout_roguey, minmay_shoals_entry_centaurs,
          guppyfry_snake_entry_island, nicolae_volcano_entry_s_turn,
          chequers_serial_rivers_room_a, serial_bayou_crossing
Lair:4:   layout_loops_ring, slime_entry_1, st_stairs_7, grunt_megastairs_3
Lair:5:   wormcave, layout_regular_city, hangedman_lair_tendril_chambers,
          serial_bayou_pond_d, st_stairs_3
Slime:1:  nicolae_slime_jelly_donut, layout_caves, nicolae_slime_phagocytosis
Slime:2:  layout_caves

Skill      XL: |  1  2  3  4  5  6  7  8  9 10 11 12 13 14 |
---------------+-------------------------------------------+-----
Axes           | 3 4 5 6 8 10 12 14 16 18 | 18.7
Fighting       | 4 5 6 7 8 9 11 12 13 14 | 14.7
Armour         | 4 5 6 7 8 10 12 13 15 16 | 16.8
Evocations     | 7 |  7.2
Shields        | |  3.8

Action                     |  1- 3 |  4- 6 |  7- 9 | 10-12 | 13-15 || total
---------------------------+-------+-------+-------+-------+-------++-------
  Melee: War axe           |   100 |   153 |    71 |       |       ||   324
         Battleaxe         |       |       |    90 |   182 |       ||   272
         Broad axe         |       |       |       |   148 |   234 ||   382
         Punch             |       |       |       |       |     3 ||     3
   Fire: Sling             |       |       |    22 |       |       ||    22
  Throw: Dart              |       |     2 |     2 |     5 |       ||     9
         Javelin           |       |     2 |     2 |       |       ||     4
 Invoke: Potion Petition   |       |       |     1 |     1 |     3 ||     5
  Evoke: Wand              |       |       |       |       |     3 ||     3
         Lightning rod     |       |       |       |       |     2 ||     2
    Use: Potion            |       |     1 |     4 |     1 |     2 ||     8
         Scroll            |       |       |     9 |     3 |       ||    12
   Stab: Distracted        |       |       |       |     4 |     6 ||    10
         Petrified         |       |       |       |       |     2 ||     2
 Armour: Scale mail        |    79 |       |       |       |       ||    79
         Storm dragon scal |       |   116 |   121 |   245 |   177 ||   659
         Skin              |       |       |       |       |    42 ||    42
  Dodge: Dodged            |    53 |   126 |   129 |   224 |    96 ||   628
  Block: Buckler           |    31 |    46 |    19 |       |       ||    96

Table legend: (Time is in decaauts)
 A = Elapsed time spent in this place.
 B = Non-inter-level travel time spent in this place.
 C = Inter-level travel time spent in this place.
 D = Time resting spent in this place.
 E = Time spent auto-exploring this place.
 F = Levels seen in this place.
 G = Mean time per level.
                   A        B        C        D        E       F      G
               +--------+--------+--------+--------+--------+-----+--------+
         Total |  12572 |  12572 |      0 |   2367 |   4762 |  17 |  739.5 |
       Dungeon |   6465 |   6465 |      0 |   1111 |   2645 |   8 |  808.1 |
        Temple |     59 |     59 |      0 |      0 |      0 |   1 |   59.0 |
          Lair |   5461 |   5461 |      0 |   1154 |   2046 |   5 | 1092.2 |
    Slime Pits |    398 |    398 |      0 |    102 |      0 |   2 |  199.0 |
       Volcano |    188 |    188 |      0 |      0 |     71 |   1 |  188.0 |
               +--------+--------+--------+--------+--------+-----+--------+

Top non-repeatable levels by time:
  Lair:5: 2058 daAuts
     D:6: 1302 daAuts
     D:7: 1288 daAuts
  Lair:2: 1093 daAuts
  Lair:1: 1024 daAuts
     D:8: 765 daAuts
     D:5: 734 daAuts
     D:2: 694 daAuts
     D:1: 673 daAuts
  Lair:3: 663 daAuts
  Lair:4: 621 daAuts
     D:4: 608 daAuts
     D:3: 396 daAuts
 Slime:1: 390 daAuts
 Volcano: 188 daAuts
